 Dungeon Crawl Stone Soup version 0.31-a0-771-g505c3d19dc (webtiles) character file.

Game seed: 10307100797886296848

651 randomguy2701 the Shield-Bearer (level 7, -7/60 HPs)
             Began as a Gnoll Fighter on Sept 16, 2023.
             Mangled by a gnoll bouda
             ... wielding a +0 whip
              (8 damage)
             ... on level 6 of the Dungeon.
             The game lasted 00:04:39 (3613 turns).

randomguy2701 the Shield-Bearer (Gnoll Fighter)     Turns: 3613, Time: 00:04:40

Health: -7/60      AC:  7    Str: 16    XL:     7   Next: 53%
Magic:  10/10      EV: 10    Int:  7    God:
Gold:   353        SH:  6    Dex: 13    Spells: 11/11 levels left

rFire   . . .        a - +0 war axe
rCold   . . .        c - +0 buckler
rNeg    . . .        b - +0 scale mail
rPois   .            (no helmet)
rElec   .            (no cloak)
rCorr   .            (no gloves)
SInv    .            (no boots)
Will    .....        (no amulet)
Stlth   +            (no ring)
HPRegen 0.30/turn    (no ring)
MPRegen 0.12/turn

%: no passive effects
@: weakened
A: fangs 1, strong nose, distributed training
a: no special abilities


You were on level 6 of the Dungeon.
You visited 1 branch of the dungeon, and saw 6 of its levels.

You collected 353 gold pieces.

Inventory:

Hand Weapons
 a - a +0 war axe (weapon)
Missiles
 r - a throwing net
Armour
 b - a +0 scale mail (worn)
 c - a +0 buckler (worn)
Wands
 l - a wand of charming (17)
 t - a wand of flame (27)
Scrolls
 e - 2 scrolls of amnesia {unknown}
 j - 6 scrolls of identify {unknown}
 k - 4 scrolls of teleportation {unknown}
 m - a scroll of noise {unknown}
 p - a scroll of poison {unknown}
 q - a scroll of vulnerability {unknown}
 s - a scroll of revelation {unknown}
 v - a scroll of enchant weapon {unknown}
 w - 2 scrolls of fear {unknown}
 x - a scroll of immolation {unknown}
Potions
 d - a potion of might
 f - a potion of ambrosia {unknown}
 g - a potion of cancellation {unknown}
 h - 2 potions of curing
 i - 3 potions of heal wounds {unknown}
 n - a potion of haste {unknown}
 o - 2 potions of degeneration {unknown}
 u - a potion of lignification {unknown}
 z - a potion of resistance {unknown}
 A - a potion of attraction {unknown}


   Skills:
 + Level 7.1 Fighting
 + Level 2.6 Short Blades
 + Level 2.6 Long Blades
 + Level 5.3 Axes
 + Level 2.6 Maces & Flails
 + Level 2.6 Polearms
 + Level 2.6 Staves
 + Level 2.6 Ranged Weapons
 + Level 2.6 Throwing
 + Level 7.1 Armour
 + Level 2.6 Dodging
 + Level 2.6 Stealth
 + Level 7.1 Shields
 + Level 2.6 Unarmed Combat
 + Level 2.6 Spellcasting
 + Level 2.1 Conjurations
 + Level 2.1 Hexes
 + Level 2.1 Summonings
 + Level 2.1 Necromancy
 + Level 2.1 Translocations
 + Level 2.1 Transmutations
 + Level 2.1 Fire Magic
 + Level 2.1 Ice Magic
 + Level 2.1 Air Magic
 + Level 2.1 Earth Magic
 + Level 2.1 Poison Magic
 + Level 2.9 Invocations
 + Level 2.6 Evocations
 + Level 2.3 Shapeshifting


You had 11 spell levels left.
You didn't know any spells.
Your spell library contained the following spells:

 Spells                   Type           Power      Damage    Failure   Level
 Apportation              Tloc           6%         N/A       52%         1
 Necrotise                Necr           12%        1d4       52%         1
 Summon Small Mammal      Summ           12%        N/A       52%         1


Dungeon Overview and Level Annotations

Branches:
Dungeon (6/15)
 Temple: D:4-7

Altars:
Okawaru
Qazlal
Xom
Yredelemnul


Innate Abilities, Weirdness & Mutations

You have very sharp teeth.
Your uncanny sense of smell can sniff out nearby items.
Your experience applies equally to all skills.


Message History

The gnoll bouda barks out a call to the hunt!
The gnoll picks up the pace!
Unknown command.
You hit the gnoll. You bite the gnoll, but do no damage.
The gnoll is almost dead.
You completely miss the gnoll bouda. The gnoll completely misses you.
You block the gnoll bouda's attack.
You hit the gnoll.
The gnoll is almost dead.
You barely miss the gnoll bouda.
Your attacks no longer feel as feeble.
The gnoll hits you with a +0 club! The gnoll bouda barely misses you.
You hit the gnoll.
The gnoll is almost dead.
You hit the gnoll bouda. The gnoll hits you with a +0 club.
The gnoll bouda hits you but does no damage.
The gnoll misses you. You block the gnoll bouda's attack.
You slash the gnoll!
You kill the gnoll!
You hit the gnoll bouda but do no damage.
The gnoll bouda gazes fiercely through you!
You feel your attacks grow feeble.
The gnoll bouda hits you with a +0 whip!
* * * LOW HITPOINT WARNING * * *
You hit the gnoll bouda but do no damage.
The gnoll bouda is moderately wounded.
You block the gnoll bouda's attack.
You closely miss the gnoll bouda. Your bite misses the gnoll bouda.
The gnoll bouda is moderately wounded.
The gnoll bouda hits you with a +0 whip!
* * * LOW HITPOINT WARNING * * *
You hit the gnoll bouda.
The gnoll bouda is moderately wounded.
The gnoll bouda barely misses you.
You closely miss the gnoll bouda.
The gnoll bouda is moderately wounded.
The gnoll bouda hits you with a +0 whip!
* * * LOW HITPOINT WARNING * * *
The gnoll bouda hits you with a +0 whip!
You die...

#.# #.#
#.# #.#
#.# #.#
#)#######
#@g......
#########


You could see a gnoll bouda.

Vanquished Creatures
  A black bear (D:5)
  2 scorpions (D:5)
  2 hounds (D:4)
  An orc priest (D:5)
  A gnoll bouda (D:3)
  Jessica (D:2)
  2 orc wizards (D:3)
  Ijyb (D:3)
  10 adders
  4 gnolls
  4 worms
  A dart slug (D:1)
  10 orcs
  3 bats (D:2)
  4 endoplasms
  5 giant cockroaches
  6 goblins
  9 hobgoblins
  9 kobolds
  6 quokkas
  A ball python (D:2)
  4 frilled lizards
  3 rats (D:1)
90 creatures vanquished.

Notes
Turn   | Place    | Note
-------+----------+-------------------------------------------
     0 | D:1      | randomguy2701 the Gnoll Fighter began the quest for the
                  | Orb.
     0 | D:1      | Reached XP level 1. HP: 23/23 MP: 1/1
   260 | D:1      | Reached XP level 2. HP: 19/29 MP: 2/2
   615 | D:1      | Reached XP level 3. HP: 35/35 MP: 3/3
  1028 | D:2      | Reached skill level 1 in Invocations
  1135 | D:2      | Noticed Jessica
  1149 | D:2      | Killed Jessica
  1150 | D:2      | Reached skill level 1 in Short Blades
  1150 | D:2      | Reached skill level 1 in Long Blades
  1150 | D:2      | Reached skill level 1 in Maces & Flails
  1150 | D:2      | Reached skill level 1 in Polearms
  1150 | D:2      | Reached skill level 1 in Staves
  1150 | D:2      | Reached skill level 1 in Ranged Weapons
  1150 | D:2      | Reached skill level 1 in Throwing
  1150 | D:2      | Reached skill level 1 in Dodging
  1150 | D:2      | Reached skill level 1 in Stealth
  1150 | D:2      | Reached skill level 1 in Unarmed Combat
  1150 | D:2      | Reached skill level 1 in Spellcasting
  1150 | D:2      | Reached skill level 1 in Evocations
  1150 | D:2      | Reached skill level 1 in Shapeshifting
  1150 | D:2      | Reached XP level 4. HP: 21/41 MP: 5/5
  1304 | D:2      | Reached skill level 1 in Conjurations
  1304 | D:2      | Reached skill level 1 in Hexes
  1304 | D:2      | Reached skill level 1 in Summonings
  1304 | D:2      | Reached skill level 1 in Necromancy
  1304 | D:2      | Reached skill level 1 in Translocations
  1304 | D:2      | Reached skill level 1 in Transmutations
  1304 | D:2      | Reached skill level 1 in Fire Magic
  1304 | D:2      | Reached skill level 1 in Ice Magic
  1304 | D:2      | Reached skill level 1 in Air Magic
  1304 | D:2      | Reached skill level 1 in Earth Magic
  1304 | D:2      | Reached skill level 1 in Poison Magic
  1763 | D:3      | Reached XP level 5. HP: 43/47 MP: 5/7
  1858 | D:3      | Found a stormy altar of Qazlal.
  1971 | D:3      | Found a faded altar of an unknown god.
  2164 | D:3      | Noticed Ijyb
  2180 | D:3      | Killed Ijyb
  2587 | D:4      | Found a basalt altar of Yredelemnul.
  2590 | D:4      | Reached XP level 6. HP: 50/53 MP: 8/8
  2717 | D:4      | Reached skill level 5 in Axes
  2729 | D:3      | HP: 2/53 [gnoll bouda/+0 whip (4)]
  3228 | D:5      | Entered Level 5 of the Dungeon
  3258 | D:5      | Noticed a black bear
  3265 | D:5      | Killed a black bear
  3266 | D:5      | Reached XP level 7. HP: 41/60 MP: 10/10
  3554 | D:5      | Found a shimmering altar of Xom.
  3574 | D:5      | Found an iron altar of Okawaru.
  3613 | D:6      | HP: 1/60 [gnoll bouda/+0 whip (7)]
  3613 | D:6      | Mangled by a gnoll bouda

Illustrated notes

Levels and vault maps discovered:
D:1:      tarquinn_simple_flora_water_a, layout_loops_corners
D:2:      layout_basic, uniq_jessica
D:3:      layout_loops_ring, grunt_qazlal_clouds,
          hellmonk_ecumenical_altar_run_dry, uniq_ijyb
D:4:      layout_rooms, mainiacjoe_overflow_concentric_impassable
D:5:      layout_cave_pools, lemuel_round_altar, kennysheep_mini_moat,
          mainiacjoe_overflow_chevrons, okawaru_trees_1, xom_butterflies
D:6:      nicolae_cairo_tiling_very_big, layout_loops_ring, uniq_blork_the_orc,
          uniq_prince_ribbit1

Skill      XL: |  1  2  3  4  5  6  7 |
---------------+----------------------+-----
Invocations    | 1 2 |  2.9
Short Blades   | 1 2 |  2.6
Long Blades    | 1 2 |  2.6
Maces & Flails | 1 2 |  2.6
Polearms       | 1 2 |  2.6
Staves         | 1 2 |  2.6
Ranged Weapons | 1 2 |  2.6
Throwing       | 1 2 |  2.6
Dodging        | 1 2 |  2.6
Stealth        | 1 2 |  2.6
Unarmed Combat | 1 2 |  2.6
Spellcasting   | 1 2 |  2.6
Evocations     | 1 2 |  2.6
Shapeshifting  | 1 2 |  2.3
Conjurations   | 1 2 |  2.1
Hexes          | 1 2 |  2.1
Summonings     | 1 2 |  2.1
Necromancy     | 1 2 |  2.1
Translocations | 1 2 |  2.1
Transmutations | 1 2 |  2.1
Fire Magic     | 1 2 |  2.1
Ice Magic      | 1 2 |  2.1
Air Magic      | 1 2 |  2.1
Earth Magic    | 1 2 |  2.1
Poison Magic   | 1 2 |  2.1
Axes           | 5 |  5.3
Fighting       | 7 |  7.1
Armour         | 7 |  7.1
Shields        | 7 |  7.1

Action                     |  1- 3 |  4- 6 |  7- 9 || total
---------------------------+-------+-------+-------++-------
  Melee: War axe           |    88 |   183 |    43 ||   314
         Bite              |     9 |    21 |     8 ||    38
    Use: Potion            |       |       |     1 ||     1
 Armour: Scale mail        |    49 |   157 |    34 ||   240
  Dodge: Dodged            |    35 |    84 |    23 ||   142
  Block: Buckler           |    22 |    59 |    15 ||    96

Table legend: (Time is in decaauts)
 A = Elapsed time spent in this place.
 B = Non-inter-level travel time spent in this place.
 C = Inter-level travel time spent in this place.
 D = Time resting spent in this place.
 E = Time spent auto-exploring this place.
 F = Levels seen in this place.
 G = Mean time per level.
                   A        B        C        D        E       F      G
               +--------+--------+--------+--------+--------+-----+--------+
         Total |   3705 |   3620 |     85 |      0 |   2885 |   6 |  617.5 |
       Dungeon |   3705 |   3620 |     85 |      0 |   2885 |   6 |  617.5 |
               +--------+--------+--------+--------+--------+-----+--------+

Top non-repeatable levels by time:
     D:3: 1069 daAuts
     D:1: 1021 daAuts
     D:2: 691 daAuts
     D:4: 554 daAuts
     D:5: 357 daAuts
     D:6: 10 daAuts
